 Dungeon Crawl Stone Soup version 0.23-a0-550-g7de1f8e (webtiles) character file.

393537 KristoblXynda the Acrobat (level 22, 0/123 HPs)
             Began as a Spriggan Berserker on Dec 8, 2018.
             Was the Champion of Trog.
             Killed from afar by a storm dragon (37 damage)
             ... with a bolt of lightning
             ... on level 3 of the Depths on Dec 9, 2018.
             The game lasted 03:57:32 (66723 turns).

KristoblXynda the Acrobat (Spriggan Berserker)     Turns: 66723, Time: 03:57:34

Health: 0/123      AC: 11    Str: 19    XL:     22   Next: 14%
Magic:  0/35       EV: 44    Int: 18    God:    Trog [******]
Gold:   995        SH: 16    Dex: 20    Spells: 21/21 levels left

rFire    + . .     SeeInvis +   J - +9 quick blade (flame)
rCold    . . .     Gourm    .   m - +2 buckler {rPois}
rNeg     . . .     Faith    .   F - +3 troll leather armour
rPois    +         Spirit   +   V - +2 hat {MR+}
rElec    .         Reflect  +   x - scarf {Spirit}
rCorr    .         Harm     .   (gloves unavailable)
MR       +++++                  (boots unavailable)
Stlth    ++++++++..             K - amulet of Cyzxud {Reflect rF+ SH+5}
HPRegen  1.70/turn              I - +5 ring of evasion
MPRegen  0.24/turn              T - ring of Thoughtfulness {+Inv Str+6 Int+4}

@: marked, regenerating, very quick
A: very small, unfitting armour, see invisible, herbivore, speed 3, slow
metabolism 2
}: 2/15 runes: decaying, gossamer
a: Berserk, Trog's Hand, Brothers in Arms, Renounce Religion, Evoke Invisibility


You were on level 3 of the Depths.
You worshipped Trog.
Trog was exalted by your worship.
You were not hungry.

You visited 8 branches of the dungeon, and saw 40 of its levels.
You also visited: Gauntlet, Ice Cave, Volcano and Wizlab.

You collected 4626 gold pieces.
You spent 3631 gold pieces at shops.

Inventory:

Hand Weapons
 J - a +9 quick blade of flaming (weapon)
 N - a +6 quick blade of freezing
Missiles
 a - 5 throwing nets (quivered)
Armour
 m - a +2 buckler of poison resistance (worn)
 x - a scarf of spirit shield (worn)
 F - a +3 troll leather armour (worn)
 V - a +2 hat of magic resistance (worn)
Jewellery
 I - a +5 ring of evasion (left hand)
 K - the amulet of Cyzxud (around neck) {Reflect rF+ SH+5}
   (You bought it in a shop on level 2 of the Orcish Mines)

   [amulet of reflection]

   It shields you and reflects attacks.
   It protects you from fire.
   It affects your SH (+5).
 T - the ring of Thoughtfulness (right hand) {+Inv Str+6 Int+4}
   (You bought it in a shop on level 2 of the Orcish Mines)

   [ring of strength]

   It affects your strength (+6).
   It affects your intelligence (+4).
   It lets you turn invisible.
Wands
 l - a wand of acid (11)
 y - a wand of iceblast (5)
 E - a wand of disintegration (27)
 L - a wand of scattershot (5)
 P - a wand of clouds (1)
 Y - a wand of digging (4)
Scrolls
 b - 5 scrolls of fog
 d - 4 scrolls of immolation
 e - a scroll of brand weapon
 f - 2 scrolls of enchant armour
 g - 9 scrolls of identify
 h - a scroll of remove curse
 j - 17 scrolls of teleportation
 C - 2 scrolls of silence
 M - 4 scrolls of summoning
Potions
 i - 5 potions of ambrosia
 k - 6 potions of curing
 n - 4 potions of flight
 p - a potion of magic
 q - 4 potions of mutation
 r - 7 potions of brilliance
 s - 2 potions of cancellation
 u - 10 potions of agility
 w - 4 potions of lignification
 z - a potion of heal wounds
 A - 4 potions of might
 B - 6 potions of berserk rage
 D - 6 potions of haste
 R - 3 potions of invisibility
 S - 3 potions of resistance
Miscellaneous
 v - a lamp of fire
 G - 2 sacks of spiders
 H - a phial of floods
 W - a crystal ball of energy
 X - a lightning rod (4/4)
 Z - a fan of gales
Comestibles
 c - 13 rations


   Skills:
 + Level 15.4 Fighting
 - Level 15.0 Short Blades
 - Level 5.0 Throwing
 + Level 13.4 Armour
 + Level 24.8 Dodging
 - Level 20.0 Stealth
 - Level 9.0 Shields
 + Level 16.5 Evocations


You had 21 spell levels left.
You didn't know any spells.
Your spell library contained the following spells:

 Spells                   Type           Power        Failure   Level  Hunger
 Animate Skeleton         Necr           N/A          24%         1    ##.....
 Beastly Appendage        Tmut           #.....       24%         1    ##.....
 Confusing Touch          Hex            #.....       24%         1    ##.....
 Corona                   Hex            #......      24%         1    ##.....
 Flame Tongue             Conj/Fire      #....        24%         1    ##.....
 Freeze                   Ice            #...         24%         1    ##.....
 Infusion                 Chrm           #...         24%         1    ##.....
 Magic Dart               Conj           #...         24%         1    ##.....
 Pain                     Necr           #...         24%         1    ##.....
 Sandblast                Erth           #.....       24%         1    ##.....
 Summon Butterflies       Summ           #.......     24%         1    ##.....
 Blink                    Tloc           N/A          36%         2    ###....
 Call Imp                 Summ           #.......     36%         2    ###....
 Ensorcelled Hibernation  Hex/Ice        #.....       36%         2    ###....
 Passwall                 Tmut/Erth      #.......     36%         2    ###....
 Shroud of Golubria       Chrm/Tloc      #.........   36%         2    ###....
 Slow                     Hex            #.......     36%         2    ###....
 Song of Slaying          Chrm           #.......     36%         2    ###....
 Sticks to Snakes         Tmut           #.......     36%         2    ###....
 Swiftness                Chrm/Air       #.......     36%         2    ###....
 Throw Flame              Conj/Fire      #.....       36%         2    ###....
 Throw Frost              Conj/Ice       #.....       36%         2    ###....
 Confuse                  Hex            #.......     58%         3    ####...
 Conjure Flame            Conj/Fire      #.......     58%         3    ####...
 Dazzling Spray           Conj/Hex       #.....       58%         3    ####...
 Gell's Gravitas          Tloc           #.........   58%         3    ####...
 Inner Flame              Hex/Fire       #.......     58%         3    ####...
 Mephitic Cloud           Conj/Pois/Air  #.......     58%         3    ####...
 Ozocubu's Armour         Chrm/Ice       #.......     58%         3    ####...
 Portal Projectile        Hex/Tloc       #.....       58%         3    ####...
 Regeneration             Chrm/Necr      #.........   58%         3    ####...
 Spectral Weapon          Hex/Chrm       #.......     58%         3    ####...
 Spider Form              Tmut/Pois      #.........   58%         3    ####...
 Static Discharge         Conj/Air       #.......     58%         3    ####...
 Stone Arrow              Conj/Erth      #.....       58%         3    ####...
 Tukima's Dance           Hex            #.......     58%         3    ####...
 Vampiric Draining        Necr           #.........   58%         3    ####...
 Airstrike                Air            #.........   94%         4    #####..
 Animate Dead             Necr           N/A          94%         4    #####..
 Cause Fear               Hex            #.........   94%         4    #####..
 Ice Form                 Ice/Tmut       #.......     94%         4    #####..
 Petrify                  Tmut/Erth      #.......     94%         4    #####..
 Sticky Flame             Conj/Fire      #.......     94%         4    #####..
 Summon Ice Beast         Ice/Summ       #.......     94%         4    #####..
 Summon Lightning Spire   Summ/Air       #.......     94%         4    #####..
 Throw Icicle             Conj/Ice       #.......     94%         4    #####..
 Blade Hands              Tmut           #.........   100%        5    ######.
 Bolt of Magma            Conj/Fire/Erth #.........   100%        5    ######.
 Excruciating Wounds      Chrm/Necr      #.........   100%        5    ######.
 Fireball                 Conj/Fire      #.........   100%        5    ######.
 Iskenderun's Battlesphe  Conj/Chrm      #.......     100%        5    ######.
 Lee's Rapid Deconstruct  Erth           #.........   100%        5    ######.
 Metabolic Englaciation   Hex/Ice        #.........   100%        5    ######.
 Silence                  Hex/Air        #.........   100%        5    ######.
 Summon Mana Viper        Hex/Summ       #.......     100%        5    ######.
 Venom Bolt               Conj/Pois      #.........   100%        5    ######.
 Yara's Violent Unravell  Hex/Tmut       #.........   100%        5    ######.
 Bolt of Fire             Conj/Fire      #.........   100%        6    #######
 Conjure Ball Lightning   Conj/Air       #.........   100%        6    #######
 Deflect Missiles         Chrm/Air       #.........   100%        6    #######
 Dispersal                Tloc           #.........   100%        6    #######
 Iron Shot                Conj/Erth      #.........   100%        6    #######
 Simulacrum               Ice/Necr       #.........   100%        6    #######
 Dragon Form              Tmut           #.........   100%        7    #######
 Orb of Destruction       Conj           #.........   100%        7    #######
 Spellforged Servitor     Conj/Summ      #.........   100%        7    #######
 Dragon's Call            Summ           #.........   100%        9    #######
 Tornado                  Air            #.........   100%        9    #######


Dungeon Overview and Level Annotations

Branches:
Dungeon (15/15)            Temple (1/1) D:6            Lair (6/6) D:8
  Swamp (4/4) Lair:2       Spider (4/4) Lair:3        Slime (0/5) Lair:6
    Orc (2/2) D:10            Elf (0/3) Orc:2        Vaults (5/5) D:14
  Crypt (0/3) Vaults:2     Depths (3/5) D:15

Altars:
Ashenzari
Cheibriados
Dithmenos
Elyvilon
Fedhas
Gozag
Hepliaklqana
Kikubaaqudgha
Makhleb
Nemelex Xobeh
Okawaru
Qazlal
Ru
Sif Muna
Trog
Uskayaw
Vehumet
Wu Jian
Xom
Yredelemnul
Zin
The Shining One
Beogh
Jiyva
Lugonu

Shops:
D:7 ?   D:14 (   Orc:2 [=*(%=   Vaults:3 ?   Depths:2 (*}=}

Portals:
Hell: Depths:1 Depths:2
Pandemonium: Depths:2
Ziggurat: Depths:2

Annotations:
D:13 3 runed doors, RexLacerta's ghost, journeyman GnCj
Lair:1 exclusion: 3 oklob plants
Lair:3 3 runed doors, tilp's ghost, journeyman MfIE
Spider:3 2 transporters, Oferehae's ghost, journeyman DgEE
Vaults:4 1 runed door, TheNamelessOne's ghost, adept OpFi
Depths:2 3 runed doors, exclusion: obsidian statue, Cewnone's ghost, journeyman SpBe


Innate Abilities, Weirdness & Mutations

You are very small and have problems with some larger weapons.
You are too small for most types of armour.
You have supernaturally acute eyesight. (SInv)
You are a herbivore.
You cover ground extremely quickly.
You need to consume almost no food.


Message History

The storm dragon closely misses you. The storm dragon completely misses you.
You hit the storm dragon. You burn the storm dragon.
The storm dragon is moderately wounded.
You hit the storm dragon but do no damage.
The storm dragon is moderately wounded.
An ogre mage comes into view. It is wielding a +0 flail.
You puncture the storm dragon! You burn the storm dragon.
The storm dragon is moderately wounded.
The ogre mage seems to regain its courage.
Cornered, the ogre mage turns to fight!
The storm dragon completely misses you. You block the storm dragon's attack. x2
You hit the storm dragon but do no damage.
The storm dragon is moderately wounded.
You barely miss the storm dragon.
The storm dragon is moderately wounded.
You hit the storm dragon but do no damage.
The storm dragon is moderately wounded.
The storm dragon breathes lightning at you.
The bolt of lightning hits you!
You die...

#.>......uDu?.##u##
#......######......
#.$..Ou# ####.###
#..R..O# #...C..###
#....O...
#....OQ#######
#......O#≈≈≈O#
#......ED@#.≈#
#......##≈.#≈#
####+####≈≈≈≈#
######


You could see a storm dragon, a fire giant, a tengu reaver, a rakshasa, 2 ogre
magi, a water elemental and 2 ogres.

Vanquished Creatures
  2 large abominations (Vaults:4)
  Arachne (Spider:4)
  A Cloud Mage (WizLab)
  A tentacled monstrosity (Vaults:4)
  2 liches (Depths:2)
  A titan (Depths:1)
  A sphinx (Depths:3)
  A tengu reaver (Depths:1)
  The ghost of Nasyol the Thaumaturge, an adept GnNe of Kikubaaqudgha (Swamp:1)
  2 thorn hunters
  A storm dragon (Vaults:5)
  3 fire giants
  3 deep elf sorcerers
  6 vault wardens
  A frost giant (IceCv)
  A balrug (Depths:2)
  2 emperor scorpions (Spider:4)
  Louise (D:14)
  4 ghost moths
  An orc warlord (Vaults:4)
  A war gargoyle (Vaults:4)
  16 very ugly things
  A caustic shrike skeleton (Depths:2)
  15 ironheart preservers
  13 stone giants
  Nessos (D:13)
  4 entropy weavers
  2 deep elf demonologists (Vaults:4)
  7 spark wasps
  A deep elf death mage (Vaults:4)
  2 blizzard demons (WizLab)
  A crystal guardian (Vaults:3)
  Snorg (D:13)
  6 ettins
  10 yaktaur captains
  4 fire dragons
  2 rakshasas (Depths:2)
  18 vault guards
  10 ogre magi
  9 great orbs of eyes
  9 ghost crabs (WizLab)
  28 hydras
  6 ice dragons
  A catoblepas (D:13)
  2 spriggan air magi
  9 centaur warriors
  3 shambling mangroves
  A death knight (D:15)
  A death yak (IceCv)
  21 two-headed ogres
  2 deep troll shamans
  11 alligators
  A death yak (shapeshifter) (Depths:1)
  2 deep troll earth magi (Vaults:4)
  Urug (D:13)
  A vampire mage (Depths:1)
  2 deep elf knights
  2 sun demons (Depths:2)
  4 shock serpents (WizLab)
  A titan skeleton (Depths:2)
  6 hell knights (Vaults:4)
  29 skeletal warriors
  2 shadow wraiths
  3 storm dragon skeletons
  4 spriggan druids
  4 unseen horrors
  17 deep trolls
  A glowing orange brain (Vaults:2)
  A flayed ghost (Depths:1)
  7 swamp dragons
  2 wizards
  6 deep elf archers
  4 necromancers
  9 ironbrand convokers
  4 lindwurms (D:14)
  2 anaconda skeletons (Volcano)
  8 orc knights
  Pikel (D:6)
  2 harpies (Vaults:4)
  A shadow dragon skeleton (Depths:2)
  An orb spider (shapeshifter) (Vaults:3)
  11 orb spiders
  8 wolf spider zombies (Spider:2)
  76 ugly things
  A faun (shapeshifter) (Depths:2)
  33 wolf spiders
  An orc sorcerer (Vaults:1)
  13 deep elf magi
  A worldbinder (D:12)
  2 tengu skeletons (Depths:2)
  2 oklob plants (Lair:4)
  3 frost giant zombies
  A manticore (D:14)
  An iron dragon skeleton (Depths:2)
  A sphinx skeleton (Depths:2)
  3 stone giant skeletons (Depths:2)
  3 black mambas
  3 elephants (Lair:6)
  3 apocalypse crabs (WizLab)
  11 cyclopes
  2 frost giant skeletons
  15 vault sentinels
  7 gargoyles
  A torpor snail (Spider:3)
  4 centaur skeletons
  2 fire giant skeletons (Depths:2)
  An eye of devastation (Gauntlet)
  A spiny frog (shapeshifter) (Vaults:2)
  12 spiny frogs
  A rime drake (shapeshifter) (Vaults:4)
  7 rime drakes
  9 redback zombies (Spider:2)
  6 komodo dragons
  16 demonic crawlers
  7 freezing wraiths
  22 yaktaurs
  12 trolls
  2 yaktaur skeletons (Vaults:2)
  2 queen bees (Lair:2)
  2 tengu conjurers (D:14)
  27 jumping spiders
  A tengu simulacrum (Vaults:1)
  18 polar bears
  2 harpy skeletons (Volcano)
  5 tyrant leeches
  11 bog bodies
  26 hornets
  16 blink frogs
  A wind drake (WizLab)
  5 dream sheep
  Grinder (D:6)
  9 tarantella zombies (Spider:2)
  An ettin zombie (Depths:1)
  Prince Ribbit (D:5)
  41 slime creatures
  A raiju (shapeshifter) (D:12)
  A raiju (D:12)
  A stone giant simulacrum (Vaults:1)
  A meliai zombie (D:11)
  16 hippogriffs
  5 shadows
  17 flying skulls
  8 air elementals (WizLab)
  3 ettin skeletons
  68 redbacks
  60 yaks
  19 spriggans
  A wraith (D:15)
  Sigmund (D:2)
  22 tarantellas
  2 wyverns
  A hungry ghost (D:14)
  A steam dragon (Lair:2)
  7 basilisks
  A golden eye (Gauntlet)
  A yaktaur simulacrum (Vaults:2)
  Grum (D:10)
  An elf skeleton (Depths:2)
  21 vampire mosquitoes
  24 swamp worms
  4 wargs
  A swamp worm (shapeshifter) (Vaults:4)
  4 soldier ants
  22 insubstantial wisps
  An acid dragon (Vaults:1)
  Duvessa (D:6)
  2 floating eyes
  8 porcupines
  14 water moccasins
  26 orc warriors
  15 swamp drakes
  7 sky beasts
  A sky beast (shapeshifter) (Vaults:4)
  An ice beast (D:11)
  2 slaves (D:6)
  4 small abominations
  18 boggarts
  2 phantoms (D:8)
  6 black bears
  32 ogres
  48 wolves
  15 crocodiles
  5 centaurs
  16 bullfrogs
  4 big kobolds
  Blork the orc (D:6)
  An elf simulacrum (Vaults:1)
  10 human skeletons
  A water moccasin zombie (D:8)
  Dowan (D:6)
  5 scorpions
  2 wyvern skeletons
  An orc simulacrum (Vaults:2)
  54 killer bees
  5 wights
  A troll skeleton (Volcano)
  5 spriggan skeletons
  4 electric eels
  6 howler monkeys
  3 centaur zombies
  8 crimson imps
  2 quasits
  2 human simulacra (Vaults:2)
  7 hounds
  4 jellies
  16 orc priests
  21 orc wizards
  2 bullfrog skeletons
  3 iguanas
  Terence (D:2)
  6 worker ants
  3 naga skeletons (Volcano)
  A hound skeleton (D:11)
  A worker ant zombie (D:11)
  9 adders
  8 gnolls (D:6)
  An adder zombie (D:8)
  An adder skeleton (D:10)
  5 worms
  3 dart slugs
  9 leopard geckos
  70 orcs
  6 giant cockroaches
  15 hobgoblins
  12 jackals
  4 quokkas
  2 ball pythons (D:4)
  5 bats
  4 frilled lizards
  8 goblins
  15 kobolds
  13 rats
  A briar patch (Swamp:4)
  A fire vortex (D:14)
  A plant (Spider:2)
1768 creatures vanquished.

Vanquished Creatures (collateral kills)
  Frances (Swamp:2)
  A vault warden (Vaults:3)
  An ironheart preserver (Vaults:3)
  A stone giant (Orc:2)
  A minotaur (Gauntlet)
  An ice dragon (Depths:1)
  A queen ant (Gauntlet)
  2 skeletal warriors
  2 cyclopes (Orc:2)
  6 elephants (Lair:4)
  An ice statue (IceCv)
  A troll (Orc:2)
  A polar bear (IceCv)
  A hippogriff (Lair:2)
  5 dream sheep (Lair:2)
  A yak (IceCv)
  2 soldier ants (Gauntlet)
  An orc warrior (Orc:2)
  An ogre (Orc:2)
  A wolf (IceCv)
  3 wights (D:14)
  An orc (Orc:2)
36 creatures vanquished.

Vanquished Creatures (others)
  A stone giant (Depths:2)
  A spark wasp (WizLab)
  A hydra (Swamp:4)
  A rakshasa (Vaults:1)
  A ghost crab (WizLab)
  A death drake (WizLab)
  A deep elf archer (Vaults:2)
  A necromancer (Vaults:2)
  An ugly thing (Depths:1)
  2 cyclopes
  7 yaktaurs
  A polar bear (IceCv)
  A flying skull (Volcano)
  3 air elementals (WizLab)
  A tarantella (Spider:4)
  A wyvern (D:8)
  A yak (IceCv)
  2 wolves (IceCv)
  An ogre (D:8)
  2 centaurs (Depths:1)
  A briar patch (Swamp:4)
  6 fungi
  10 plants
48 creatures vanquished.

Grand Total: 1852 creatures vanquished

Notes
Turn   | Place    | Note
-------+----------+-------------------------------------------
     0 | D:1      | KristoblXynda the Spriggan Berserker began the quest for
                  | the Orb.
     0 | D:1      | Reached XP level 1. HP: 11/11 MP: 2/2
    86 | D:1      | Reached skill level 1 in Stealth
   100 | D:1      | Reached XP level 2. HP: 5/16 MP: 3/3
   471 | D:1      | Reached ** piety under Trog
   567 | D:1      | Reached XP level 3. HP: 5/19 MP: 4/4
  1137 | D:2      | Noticed Sigmund
  1151 | D:2      | Killed Sigmund
  1151 | D:2      | Reached skill level 5 in Dodging
  1151 | D:2      | Reached XP level 4. HP: 24/24 MP: 5/5
  1151 | D:2      | Reached XP level 5. HP: 28/28 MP: 6/6
  1316 | D:2      | Found a faded altar of an unknown god.
  1702 | D:2      | Noticed Terence
  1705 | D:2      | Killed Terence
  1705 | D:2      | Reached skill level 6 in Dodging
  1987 | D:3      | Reached XP level 6. HP: 32/32 MP: 7/7
  2006 | D:3      | Reached *** piety under Trog
  2598 | D:3      | Reached skill level 5 in Short Blades
  2710 | D:3      | Noticed a moth of wrath
  2713 | D:3      | Found a bloodstained altar of Trog.
  3031 | D:4      | Reached skill level 5 in Stealth
  3069 | D:4      | Found a sacrificial altar of Ru.
  3079 | D:4      | Reached **** piety under Trog
  3161 | D:4      | Found a radiant altar of Vehumet.
  3282 | D:4      | Reached XP level 7. HP: 37/37 MP: 8/8
  3586 | D:5      | Entered Level 5 of the Dungeon
  3614 | D:5      | Reached skill level 7 in Dodging
  4327 | D:5      | Found an ornate altar of the Wu Jian Council.
  4373 | D:5      | Found an ancient bone altar of Kikubaaqudgha.
  4394 | D:5      | Found a glowing silver altar of Zin.
  4444 | D:5      | Noticed Prince Ribbit
  4472 | D:5      | Killed Prince Ribbit
  4623 | D:5      | Found an opulent altar of Gozag.
  4895 | D:5      | Found Zin's Purification Station.
  4904 | D:5      | Bought 2 potions of curing for 180 gold pieces
  4968 | D:6      | Noticed Dowan
  4969 | D:6      | Noticed Duvessa
  4992 | D:6      | Reached XP level 8. HP: 27/42 MP: 9/9
  5007 | D:6      | Noticed Blork the orc
  5019 | D:6      | Killed Duvessa
  5019 | D:6      | Reached skill level 8 in Dodging
  5020 | D:6      | Noticed Grinder
  5051 | D:6      | Killed Dowan
  5067 | D:6      | Noticed Pikel
  5393 | D:6      | Killed Pikel
  5393 | D:6      | Reached skill level 5 in Fighting
  5393 | D:6      | Reached skill level 9 in Dodging
  5411 | D:6      | Killed Grinder
  5440 | D:6      | Killed Blork the orc
  5458 | D:6      | Noticed an air elemental
  5562 | D:6      | Found a stormy altar of Qazlal.
  5870 | D:6      | Found a staircase to the Ecumenical Temple.
  5883 | D:6      | Reached XP level 9. HP: 37/47 MP: 10/10
  6140 | Temple   | Entered the Ecumenical Temple
  6545 | D:7      | Found Caquf's Magic Scroll Emporium.
  6648 | D:7      | Identified the Disquisition on Supportive Black Rites
  6832 | D:7      | Found a deep blue altar of Sif Muna.
  6921 | D:8      | Reached skill level 10 in Dodging
  6992 | D:8      | Reached skill level 10 in Stealth
  7588 | D:8      | Found a shimmering altar of Xom.
  7667 | D:8      | Found a staircase to the Lair.
  7831 | D:8      | Found a hazy altar of Hepliaklqana.
  8389 | D:9      | Reached skill level 11 in Dodging
  8393 | D:9      | Noticed a troll
  8400 | D:9      | Killed a troll
  8400 | D:9      | Reached XP level 10. HP: 51/53 MP: 11/11
  9747 | D:9      | Reached ***** piety under Trog
  9912 | D:10     | Entered Level 10 of the Dungeon
  9924 | D:10     | Noticed a gargoyle
  9940 | D:10     | Killed a gargoyle
 10083 | D:10     | Noticed a two-headed ogre
 10110 | D:10     | Killed a two-headed ogre
 10110 | D:10     | Reached skill level 12 in Dodging
 10507 | D:10     | Noticed Grum
 10534 | D:10     | Killed Grum
 10856 | D:10     | Noticed a three-headed hydra
 10859 | D:10     | Killed a three-headed hydra
 10859 | D:10     | Reached skill level 10 in Short Blades
 10859 | D:10     | Reached XP level 11. HP: 58/58 MP: 13/15
 10892 | D:10     | Found a staircase to the Orcish Mines.
 11252 | D:10     | Received a gift from Trog
 11712 | D:10     | Found a roughly hewn altar of Beogh.
 11872 | D:11     | Reached skill level 5 in Evocations
 12196 | D:11     | Noticed a cyan ugly thing
 12201 | D:11     | Killed a cyan ugly thing
 12239 | D:11     | Found a shadowy altar of Dithmenos.
 12321 | D:11     | Reached skill level 13 in Dodging
 12326 | D:11     | HP: 1/58 [cyclops (31)]
 12723 | D:11     | Noticed an unseen horror
 12730 | D:11     | Killed an unseen horror
 13225 | D:11     | Identified Sogefi's Catalogue of Unholy Magic and the
                  | Compass
 13391 | D:12     | Noticed an eight-headed hydra
 13396 | D:12     | Killed an eight-headed hydra
 13491 | D:12     | Noticed an unseen horror
 13528 | D:12     | Killed an unseen horror
 13738 | D:12     | Found a transporter.
 13738 | D:12     | Noticed a purple ugly thing
 13741 | D:12     | Found a corrupted altar of Lugonu.
 14696 | D:12     | Found a roughly hewn altar of Beogh.
 14855 | D:12     | Noticed a white ugly thing
 14861 | D:12     | Found a transporter.
 14864 | D:12     | Noticed a cyan ugly thing
 15003 | D:13     | Noticed a four-headed hydra
 15026 | D:13     | Killed a four-headed hydra
 15026 | D:13     | Reached skill level 14 in Dodging
 15026 | D:13     | Reached XP level 12. HP: 45/63 MP: 18/18
 15272 | D:13     | Noticed a two-headed ogre
 15334 | D:13     | Killed a two-headed ogre
 15537 | D:13     | Noticed a catoblepas
 15544 | D:13     | Killed a catoblepas
 15606 | D:13     | Noticed Snorg
 15613 | D:13     | Killed Snorg
 15709 | D:13     | Noticed Urug
 15716 | D:13     | Killed Urug
 15716 | D:13     | Reached skill level 15 in Stealth
 15796 | D:13     | Noticed Nessos
 15877 | D:13     | Killed Nessos
 15932 | D:13     | Found a shimmering altar of Xom.
 16044 | D:13     | Found a runed gate.
 16046 | D:13     | Found a runed gate.
 16046 | D:13     | Found a runed gate.
 16051 | D:13     | Noticed RexLacerta's ghost (journeyman GnCj)
 16129 | D:13     | Found a roughly hewn altar of Beogh.
 16137 | D:13     | Identified the +7 mace "Impbane" {crush, +Rage rC- Dex+3}
 16333 | Lair:1   | Entered Level 1 of the Lair of Beasts
 16599 | Lair:1   | Noticed a five-headed hydra
 16633 | Lair:1   | Killed a five-headed hydra
 16708 | Lair:1   | Reached skill level 1 in Shields
 17153 | Lair:1   | Paralysed by a floating eye for 2 turns
 17165 | Lair:1   | Paralysed by a floating eye for 4 turns
 17235 | Lair:1   | Received a gift from Trog
 17439 | Lair:1   | Noticed a four-headed hydra
 17703 | Lair:2   | Reached skill level 15 in Dodging
 18068 | Lair:2   | Found a staircase to the Swamp.
 18069 | Lair:2   | Reached skill level 10 in Evocations
 18580 | Lair:2   | Noticed a seven-headed hydra
 18582 | Lair:2   | Reached XP level 13. HP: 67/67 MP: 21/21
 19141 | Lair:2   | Reached skill level 1 in Armour
 19770 | Lair:2   | Received a gift from Trog
 19779 | Lair:2   | Got a translucent hunting sling {god gift}
 19780 | Lair:2   | Identified the +4 hunting sling of Floods {venom, rN+
                  | Dex+7} (Trog gifted it to you on level 2 of the Lair of
                  | Beasts)
 20543 | Lair:3   | Found a gate leading to a gauntlet.
 20549 | Gauntlet | Entered a Gauntlet
 20549 | Gauntlet | Found a transporter.
 20549 | Gauntlet | Found a transporter.
 20554 | Gauntlet | Found a transporter.
 20557 | Gauntlet | Found a transporter.
 20558 | Gauntlet | Found a transporter.
 20558 | Gauntlet | Found a transporter.
 20568 | Gauntlet | Found a transporter.
 20571 | Gauntlet | Found a transporter.
 20571 | Gauntlet | Found a transporter.
 20571 | Gauntlet | Found a transporter.
 20581 | Gauntlet | Found a transporter.
 20582 | Gauntlet | Found the +0 sword of Power
 20582 | Gauntlet | Found a transporter.
 20842 | Gauntlet | Reached skill level 16 in Dodging
 21140 | Gauntlet | Noticed a minotaur
 21154 | Gauntlet | Killed a minotaur
 21256 | Gauntlet | Identified Sif Muna's Grimoire of Lucky Hexes
 22088 | Lair:3   | Found a runed gate.
 22088 | Lair:3   | Found a runed gate.
 22088 | Lair:3   | Found a runed gate.
 22093 | Lair:3   | Noticed tilp's ghost (journeyman MfIE)
 22958 | Lair:3   | Found a hole to the Spider Nest.
 23257 | Lair:4   | Found a dark tunnel.
 23262 | Volcano  | Entered a volcano
 23753 | Volcano  | Reached skill level 5 in Shields
 24066 | Volcano  | Reached XP level 14. HP: 74/74 MP: 7/22
 24314 | Lair:4   | HP: 2/75 [blink frog (13)]
 24343 | Lair:4   | Received a gift from Trog
 24827 | Lair:4   | Reached skill level 17 in Dodging
 26500 | Lair:6   | Entered Level 6 of the Lair of Beasts
 26508 | Lair:6   | Found a viscous altar of Jiyva.
 26572 | Lair:6   | Found a staircase to the Slime Pits.
 26820 | Lair:6   | Reached skill level 5 in Armour
 26959 | Lair:6   | Received a gift from Trog
 27995 | Lair:6   | Found the +8 lance "Wyrmbane" {slay drac, rPois rF+ rC+
                  | AC+3}
 28784 | D:14     | Reached skill level 18 in Dodging
 28840 | D:14     | Reached skill level 10 in Fighting
 29106 | D:14     | Received a gift from Trog
 29342 | D:14     | You fall through a shaft!
 29342 | D:15     | Entered Level 15 of the Dungeon
 29342 | D:15     | Found a glowing golden altar of the Shining One.
 29385 | D:15     | Found a frozen archway.
 29433 | IceCv    | Entered an ice cave
 29584 | IceCv    | Reached XP level 15. HP: 57/80 MP: 19/23
 30668 | IceCv    | Noticed a frost giant
 30726 | IceCv    | Killed a frost giant
 31991 | D:15     | Found a blossoming altar of Fedhas.
 32393 | D:14     | Received a gift from Trog
 32520 | D:14     | Noticed Louise
 32709 | D:14     | Killed Louise
 32835 | D:14     | Found Uwinagul's Weapon Shop.
 32928 | D:14     | Reached skill level 19 in Dodging
 32996 | D:14     | Found a gate to the Vaults.
 33589 | D:15     | Found a staircase to the Depths.
 33681 | Depths:1 | Entered Level 1 of the Depths
 34730 | Lair:1   | Identified a scroll of acquirement
 35054 | Swamp:1  | Entered Level 1 of the Swamp
 35350 | Spider:1 | Entered Level 1 of the Spider Nest
 35361 | Spider:1 | Received a gift from Trog
 35660 | Spider:1 | Reached XP level 16. HP: 87/87 MP: 24/24
 36506 | Spider:1 | Reached skill level 20 in Dodging
 36842 | Spider:2 | Received a gift from Trog
 37392 | Spider:3 | Found a transporter.
 37394 | Spider:3 | Found a transporter.
 37394 | Spider:3 | Noticed Oferehae's ghost (journeyman DgEE)
 38986 | Spider:4 | Entered Level 4 of the Spider Nest
 39272 | Spider:4 | Reached skill level 1 in Throwing
 39320 | Spider:4 | Noticed Arachne
 39370 | Spider:4 | Killed Arachne
 39370 | Spider:4 | Received a gift from Trog
 39790 | Spider:4 | Received a gift from Trog
 40241 | Spider:4 | Reached XP level 17. HP: 59/93 MP: 16/26
 40926 | Spider:4 | Got a gossamer rune of Zot
 41710 | Spider:2 | Reached ****** piety under Trog
 42366 | Orc:1    | Entered Level 1 of the Orcish Mines
 42368 | Orc:1    | Received a gift from Trog
 42560 | Orc:2    | Entered Level 2 of the Orcish Mines
 42598 | Orc:2    | Found Ocruminu's Antique Armour Shop.
 42715 | Orc:2    | Bought a glowing scarf for 200 gold pieces
 42715 | Orc:2    | Bought a smoking buckler for 237 gold pieces
 42715 | Orc:2    | Identified the -1 buckler "Byosag" {Str+2} (You bought it
                  | in a shop on level 2 of the Orcish Mines)
 42942 | Orc:2    | Found Conudo's Jewellery Emporium.
 42985 | Orc:2    | Bought the amulet of Cyzxud {Reflect rF+ SH+5} for 717 gold
                  | pieces
 43000 | Orc:2    | Found Gukus's Antique Weapon Shop.
 43104 | Orc:2    | Bought a faintly glowing rapier for 225 gold pieces
 43105 | Orc:2    | Identified the +3 rapier of the Fool {elec, rC+++ Int+2
                  | Dex-2 SInv} (You bought it in a shop on level 2 of the
                  | Orcish Mines)
 43139 | Orc:2    | Found Vuynucro's General Store.
 43157 | Orc:2    | Reached skill level 5 in Throwing
 43216 | Orc:2    | Bought a wand of clouds (4) for 312 gold pieces
 43310 | Orc:2    | Found Savyar's Jewellery Shoppe.
 43318 | Orc:2    | Bought the ring of Thoughtfulness {+Inv Str+6 Int+4} for
                  | 1132 gold pieces
 43359 | Orc:2    | Found Xutag's Food Shop.
 43392 | Orc:2    | Found a staircase to the Elven Halls.
 44202 | Swamp:1  | Received a gift from Trog
 44782 | Swamp:1  | Found a runed door.
 44782 | Swamp:1  | Noticed Nasyol's ghost (adept GnNe)
 45042 | Swamp:1  | Killed Nasyol's ghost
 45488 | Swamp:2  | Received a gift from Trog
 45644 | Swamp:2  | Noticed Frances
 45689 | Swamp:2  | Killed Frances
 46328 | Swamp:3  | Received a gift from Trog
 46625 | Swamp:3  | Received a gift from Trog
 46910 | Swamp:3  | Reached XP level 18. HP: 89/98 MP: 23/29
 47297 | Swamp:4  | Entered Level 4 of the Swamp
 48128 | Swamp:4  | Got a decaying rune of Zot
 48227 | Swamp:4  | Received a gift from Trog
 48314 | Swamp:4  | Received a gift from Trog
 49143 | Vaults:1 | Entered Level 1 of the Vaults
 49477 | Vaults:1 | Reached skill level 15 in Short Blades
 49718 | Vaults:1 | Reached skill level 15 in Evocations
 49798 | Vaults:1 | Received a gift from Trog
 51459 | Vaults:2 | Received a gift from Trog
 51574 | Vaults:2 | Found a magical portal.
 51613 | WizLab   | Entered The Chambers of the Cloud Mage
 51697 | WizLab   | Reached XP level 19. HP: 94/103 MP: 27/31
 52032 | WizLab   | Reached skill level 10 in Armour
 52180 | WizLab   | Noticed Cecorrek
 52212 | WizLab   | Killed Cecorrek the Cloud Mage
 52305 | WizLab   | Identified the Volume of Lightness
 52824 | Vaults:2 | Found a staircase to the Crypt.
 53126 | Vaults:2 | Reached skill level 21 in Dodging
 53268 | Vaults:2 | Received a gift from Trog
 54019 | Vaults:2 | Got a glittering jade ring
 54060 | Vaults:2 | Identified the ring "Ipierag" {rPois rC+ Stlth+} (You found
                  | it on level 2 of the Vaults)
 54728 | Vaults:3 | You fall through a shaft!
 55110 | Vaults:4 | Received a gift from Trog
 55744 | Vaults:4 | Reached skill level 22 in Dodging
 55900 | Vaults:4 | Reached XP level 20. HP: 110/110 MP: 32/32
 56757 | Vaults:4 | Found a runed door.
 56758 | Vaults:4 | Noticed TheNamelessOne's ghost (adept OpFi)
 56784 | Vaults:4 | Received a gift from Trog
 57971 | Vaults:3 | Found Yllyuhek's Magic Scroll Shoppe.
 57978 | Vaults:3 | Bought a scroll of enchant weapon for 127 gold pieces
 57978 | Vaults:3 | Bought a scroll of teleportation for 51 gold pieces
 58822 | Vaults:3 | Reached skill level 23 in Dodging
 59034 | Vaults:3 | Received a gift from Trog
 59869 | Depths:1 | You fall through a shaft!
 60067 | Depths:2 | Found the +7 great mace "Firestarter" {inner flame, rF++}
 60313 | Depths:2 | Reached XP level 21. HP: 116/116 MP: 33/33
 60330 | Depths:2 | Received a gift from Trog
 60605 | Depths:2 | Reached skill level 15 in Fighting
 60670 | Depths:2 | Found a runed gate.
 60670 | Depths:2 | Found a runed gate.
 60670 | Depths:2 | Found a runed gate.
 60672 | Depths:2 | Found an opulent altar of Gozag.
 60752 | Depths:2 | Received a gift from Trog
 60921 | Depths:2 | Reached skill level 24 in Dodging
 61435 | Depths:1 | Received a gift from Trog
 62015 | Depths:1 | Found a gateway to Hell.
 63442 | Vaults:5 | Entered Level 5 of the Vaults
 63468 | Vaults:5 | Received a gift from Trog
 65136 | Depths:2 | Found Agips's Gadget Emporium.
 65140 | Depths:2 | Found Quonuy's Gadget Emporium.
 65149 | Depths:2 | Found Kyatour's Jewellery Shop.
 65170 | Depths:2 | Bought a wand of acid (11) for 450 gold pieces
 65632 | Depths:2 | Found a gateway to a ziggurat.
 65792 | Depths:2 | Reached XP level 22. HP: 76/122 MP: 23/35
 65890 | Depths:2 | Found Foren's Weapon Shop.
 66122 | Depths:2 | Found a one-way gate leading to the halls of Pandemonium.
 66278 | Depths:2 | Noticed Cewnone's ghost (journeyman SpBe)
 66329 | Depths:2 | Found Ygreh's Assorted Antiques.
 66723 | Depths:3 | Killed from afar by a storm dragon

Vault maps used:
D:1:      lightli_molten_gateway, corexii_item_surrounded_by_moat,
          chequers_serial_rivers_room_b, minmay_tetromino_o4
D:2:      chequers_ecumenical_altar_grove, uniq_sigmund, uniq_terence
D:3:      tgw_trog, first_ration
D:4:      cheibrodos_helix_gallery, nicolae_ru_great_annihilating_truth,
          vehumet_crystals
D:5:      zin_purify, overflow_temple_1_default, old_standard_altar,
          nicolae_overflow_crystal_walls, uniq_prince_ribbit1
D:6:      nicolae_qazlal_style_of_elements, temple_hall, uniq_duvessa,
          uniq_pikel, uniq_grinder, uniq_blork_the_orc
D:7:      kennysheep_little_box, serial_shops, shop_scrolls
D:8:      overflow_temple_1_default, xom_confusion_cloud, lair_entry_dummy
D:10:     minmay_orc_entry_temple_small, hangedman_ranch, uniq_grum
D:11:     nicolae_dithmenos_through_a_glass_darkly
D:12:     gammafunk_corrupted_shrine, david_defended_altar_orc
D:13:     biasface_ghost_orc_armoury, basic_altar, uniq_urug, uniq_snorg,
          uniq_nessos
D:14:     david_vaults_4, serial_shops, nicolae_shop_behind_doors,
          chequers_serial_rivers_micro_e, kennysheep_decorative_pillar,
          minmay_lindwurm_lava, uniq_louise
D:15:     grunt_enter_depths_snipers, portal_ice_cave_rime, old_standard_altar,
          fedhas_altar_fruit_tree
Temple:   minmay_temple_curvy_loop
Lair:1:   minivault_25, disabler_island
Lair:2:   regret_index_tunnel_blossom, nicolae_swamp_entry_splash_gauntlet,
          special_room
Lair:3:   spider_nest_entry_webs, ebering_ghost_rock_garden,
          gauntlet_entry_generic, infiniplex_staircase_pool, lemuel_fruit_fields
Lair:4:   enter_volcano_1, minivault_26, serial_bayou_shore_b,
          minmay_lair_oklob_chamber
Lair:5:   columned_hall_lemuel, grunt_forest_small_clearings
Lair:6:   minmay_lair_end_enchanted_forest, slime_altar_1
Swamp:1:  ebering_ghost_inner_flame, nicolae_swamp_very_dense_foliage
Swamp:2:  evilmike_swamp_ruin_house_3, swamp_pool2, nicolae_swamp_little_tower,
          uniq_frances
Swamp:3:  evilmike_swamp_ruin_house_6
Swamp:4:  swamp
Spider:1: spider_trap
Spider:2: lemuel_spider_zombies
Spider:3: gammafunk_ghost_arena, nicolae_spider_cling_ruins
Spider:4: guppyfry_spider_rune, uniq_arachne
Orc:1:    serial_shops, shop, basic_altar, uniq_josephine, uniq_gastronok
Orc:2:    grunt_orc_gardens, grunt_orc_garden, grunt_orc_garden,
          grunt_orc_garden, grunt_orc_garden, serial_shops,
          nicolae_shop_crystal, nicolae_shop_stone
Vaults:1: grunt_vaults_hallway_short, v_misc_19, v_misc_4,
          vaults_standard_mumra_x, hangedman_vaults_nodes, v_pattern_4,
          vaults_standard_mumra_enter_the_diamond,
          nicolae_vaults_little_squares_2, v_misc_9,
          nicolae_vaults_little_squares_6, nicolae_vaults_theta,
          vaults_dpeg_encased_lava, nicolae_vaults_rhombus_5
Vaults:2: minmay_crypt_entry_skeletal_spiral, nicolae_vaults_little_squares_3,
          v_misc_25, infiniplex_enter_wizlab_glasses
Vaults:3: nicolae_vaults_big_angled_halls, vaults_mumra_chevron_long,
          hangedman_vaults_trim, nicolae_vaults_meeting, vaults_room_door_ring,
          hangedman_vaults_stagger, nicolae_vaults_shelves_hall,
          nicolae_vaults_circle_grid_b, vaults_mumra_minichess_inversion,
          v_misc_11, nicolae_vaults_shelves_hall,
          nicolae_vaults_stairing_the_circle, vaults_mumra_hexcomb,
          vaults_dpeg_ring, nicolae_vaults_little_ls,
          hangedman_vaults_stretched_pinwheel, serial_shops,
          nicolae_shop_behind_doors
Vaults:4: ebering_vaults_ghost_inner_flame, ontoclasm_vaults_ring_small,
          v_misc_1, v_misc_28, vaults_room_hangedman_quadrants, v_misc_1,
          nicolae_vaults_rhombus_6, v_misc_3, nicolae_vaults_little_squares_1,
          vaults_room_fours
Vaults:5: serial_shops
Depths:1: hell_entry, minmay_misc_feat_roman, minmay_hollow_rounded_squares,
          grunt_megastairs_4
Depths:2: minmay_skeleton_keep, enter_ziggurat_e, lightli_too_deep,
          serial_shops, nicolae_shop_trees, pan_entry, ebering_ghost_gozag,
          infiniplex_staircase_pillars_1, roderic_lattice_octagonal_star,
          minmay_shop_grove
Depths:3: gammafunk_the_bubble, hangedman_tar_grid_catacomb,
          ploomutoo_gammafunk_ghost_potion_laboratory,
          abyss_entry_small_statue_room, hangedman_decor_clover_reticule,
          pan_entry, chequers_serial_rivers_large_b,
          minmay_misc_feat_more_columns, spider_trap,
          kennysheep_generic_room_14, minmay_staircase_statues,
          serial_bayou_shore_b, uniq_saint_roka, uniq_sojobo
IceCv:    ice_cave_caverns_02
Volcano:  volcano_tomb
WizLab:   wizlab_cloud
Gauntlet: gammafunk_gauntlet_hard_choice

Skill      XL: |  1  2  3  4  5  6  7  8  9 10 11 12 13 14 15 16 17 18 19 20 21 |
---------------+----------------------------------------------------------------+-----
Stealth        | 1 2 3 4 5 6 8 11 12 14 15 16 19 20 | 20.0
Fighting       | 3 4 5 6 7 8 10 11 12 13 14 15 | 15.4
Short Blades   | 4 5 6 7 8 10 11 12 14 15 | 15.0
Dodging        | 5 6 7 9 11 12 14 15 16 18 19 20 22 23 24 | 24.8
Evocations     | 4 7 10 11 13 15 16 | 16.5
Shields        | 2 5 6 8 9 |  9.0
Armour         | 4 6 7 9 11 12 13 | 13.4
Throwing       | 2 5 |  5.0

Action                   |  1- 3 |  4- 6 |  7- 9 | 10-12 | 13-15 | 16-18 | 19-21 | 22-24 || total
-------------------------+-------+-------+-------+-------+-------+-------+-------+-------++-------
Melee: Short sword       |    44 |       |       |       |  1724 |       |       |       ||  1768
       Dagger            |    28 |   207 |   534 |   978 |   533 |       |       |       ||  2280
       Quick blade       |       |       |       |   123 |  1112 |  4106 |  4197 |   300 ||  9838
Invok: Berserk           |     1 |       |     2 |     1 |     4 |     4 |       |       ||    12
       Trog's Hand       |       |       |     1 |       |     2 |     1 |     5 |     1 ||    10
       Brothers in Arms  |       |       |       |     1 |     7 |     2 |     1 |       ||    11
 Abil: Evoke Thunderclou |       |       |       |       |       |       |     1 |       ||     1
       Evoke Invisibilit |       |       |       |       |       |       |     1 |       ||     1
Evoke: Wand              |       |       |     3 |    23 |    37 |    29 |    50 |     5 ||   147
       Phial of floods   |       |       |       |       |     2 |       |       |       ||     2
       Lamp of fire      |       |       |       |       |     2 |       |     1 |       ||     3
       Fan of gales      |       |       |       |       |       |     1 |     1 |       ||     2
  Use: Scroll            |       |       |    25 |    12 |    15 |    15 |    14 |     1 ||    82
       Potion            |       |       |     5 |     3 |     7 |     3 |     6 |       ||    24
 Stab: Sleeping          |       |    15 |    17 |    45 |    57 |    57 |    70 |     2 ||   263
       Paralysed         |       |     1 |     1 |     4 |     1 |     6 |     3 |       ||    16
       Invisible         |       |     1 |       |       |       |       |       |       ||     1
       Distracted        |       |       |     2 |     6 |     6 |     9 |     9 |       ||    32
       Held in net/web   |       |       |       |       |       |     1 |       |       ||     1
       Confused          |       |       |       |       |       |     2 |       |       ||     2
  Eat: Ration            |       |       |     4 |     7 |    16 |    14 |    12 |     2 ||    55
Armor: Animal skin       |     2 |    10 |    25 |    24 |    46 |    31 |       |       ||   138
       Skin              |       |       |       |    34 |       |       |       |       ||    34
       Fire dragon scale |       |       |       |       |     3 |       |     6 |       ||     9
       Troll leather arm |       |       |       |       |       |    49 |    51 |     2 ||   102
Dodge: Dodged            |    51 |   129 |   380 |   616 |  1806 |  2009 |  1373 |   100 ||  6464
Block: Buckler           |       |       |       |    64 |   638 |  1100 |  1156 |    87 ||  3045
       Reflection        |       |       |       |       |       |    22 |    70 |     2 ||    94

Table legend:
 A = Non-vault XP
 B = Vault XP
 C = Vault XP percentage of total XP
 D = Non-vault monster count
 E = Vault monster count
 F = Vault count percentage of total count
                 A         B        C        D         E       F
            +---------+---------+-------+---------+---------+-------
      Total |  434675 |  291669 |  40.2 |    1197 |     625 |  34.3
            +---------+---------+-------+---------+---------+-------
        D:1 |      38 |       7 |  15.6 |      22 |       3 |  12.0
        D:2 |      63 |     244 |  79.5 |      20 |       2 |   9.1
        D:3 |     192 |       9 |   4.5 |      37 |       5 |  11.9
        D:4 |     144 |      47 |  24.6 |       7 |       5 |  41.7
        D:5 |     404 |     259 |  39.1 |      17 |       1 |   5.6
        D:6 |     250 |    1189 |  82.6 |      14 |       5 |  26.3
        D:7 |     711 |       0 |   0.0 |      18 |       0 |   0.0
        D:8 |    1203 |     195 |  13.9 |      14 |       4 |  22.2
        D:9 |    2326 |       0 |   0.0 |      33 |       0 |   0.0
       D:10 |    2659 |    2939 |  52.5 |      18 |      21 |  53.8
       D:11 |    4391 |       0 |   0.0 |      25 |       0 |   0.0
       D:12 |    3749 |    3213 |  46.2 |      25 |      12 |  32.4
       D:13 |    3806 |    3289 |  46.4 |      13 |       3 |  18.8
       D:14 |    9832 |    6766 |  40.8 |      46 |       9 |  16.4
       D:15 |   16194 |    3063 |  15.9 |      42 |       5 |  10.6
     Lair:1 |    4347 |     145 |   3.2 |      16 |       1 |   5.9
     Lair:2 |    7643 |    8455 |  52.5 |      26 |      75 |  74.3
     Lair:3 |    6635 |     647 |   8.9 |      25 |       3 |  10.7
     Lair:4 |    7156 |    1122 |  13.6 |      30 |       2 |   6.2
     Lair:5 |    5788 |       0 |   0.0 |      22 |       0 |   0.0
     Lair:6 |    5996 |    8137 |  57.6 |      25 |      44 |  63.8
    Swamp:1 |   18419 |    2504 |  12.0 |      37 |       2 |   5.1
    Swamp:2 |    9943 |    1241 |  11.1 |      26 |       1 |   3.7
    Swamp:3 |   11921 |       0 |   0.0 |      44 |       0 |   0.0
    Swamp:4 |   11653 |   17985 |  60.7 |      41 |      25 |  37.9
   Spider:1 |   21087 |       0 |   0.0 |      60 |       0 |   0.0
   Spider:2 |   11595 |   11090 |  48.9 |      39 |      27 |  40.9
   Spider:3 |   13870 |       0 |   0.0 |      31 |       0 |   0.0
   Spider:4 |    5573 |   26293 |  82.5 |      20 |      40 |  66.7
      Orc:1 |     560 |       0 |   0.0 |       5 |       0 |   0.0
      Orc:2 |    2403 |    8121 |  77.2 |      27 |      12 |  30.8
   Vaults:1 |   32873 |   11720 |  26.3 |      73 |      25 |  25.5
   Vaults:2 |   31805 |    9240 |  22.5 |      55 |      17 |  23.6
   Vaults:3 |   28764 |   37042 |  56.3 |      51 |      49 |  49.0
   Vaults:4 |   49263 |   22246 |  31.1 |      67 |      25 |  27.2
   Vaults:5 |     756 |   12425 |  94.3 |       2 |      11 |  84.6
   Depths:1 |   36414 |   16716 |  31.5 |      56 |      18 |  24.3
   Depths:2 |   55635 |   30226 |  35.2 |      58 |      53 |  47.7
   Depths:3 |    8614 |       0 |   0.0 |      10 |       0 |   0.0
      IceCv |       0 |   12238 | 100.0 |       0 |      52 | 100.0
    Volcano |       0 |    5939 | 100.0 |       0 |      20 | 100.0
     WizLab |       0 |   23050 | 100.0 |       0 |      34 | 100.0
   Gauntlet |       0 |    3867 | 100.0 |       0 |      14 | 100.0
            +---------+---------+-------+---------+---------+-------
